 Dungeon Crawl Stone Soup version 0.30-a0-772-g5528072125 (webtiles) character file.

Game seed: 2910778633368847336

924 cforsyth the Summoner (level 8, 0/41 HPs)
             Began as a Tengu Summoner on Feb 12, 2023.
             Killed by divine providence
             ... invoked by an orc priest
              (15 damage)
             ... on level 5 of the Dungeon.
             The game lasted 00:15:21 (5159 turns).

cforsyth the Summoner (Tengu Summoner)              Turns: 5159, Time: 00:15:22

Health: 0/41       AC:  4    Str:  8    XL:     8   Next: 10%
Magic:  18/18      EV: 15    Int: 17    God:
Gold:   207        SH:  0    Dex: 16    Spells: 6/19 levels left

rFire   . . .      SeeInvis .    (no weapon)
rCold   . . .      Faith    .    (no shield)
rNeg    . . .      Spirit   .    a - +0 robe
rPois   .          Reflect  .    (helmet restricted)
rElec   .          Harm     .    h - +0 cloak
rCorr   .          Rampage  .    d - +0 pair of gloves
Will    +....                    (boots unavailable)
Stlth   ++                       n - amulet of magic regeneration
HPRegen 0.26/turn                k - ring of willpower
MPRegen 0.56/turn                (no ring)

@: flying quickly and evasively, quick
A: beak, talons 3, nimble flight
a: no special abilities


You were on level 5 of the Dungeon.
You visited 1 branch of the dungeon, and saw 6 of its levels.

You collected 207 gold pieces.

Inventory:

Armour
 a - a +0 robe (worn)
 d - a +0 pair of gloves (worn)
 h - a +0 cloak (worn)
Jewellery
 f - a ring of ice
 k - a ring of willpower (left hand)
 n - an amulet of magic regeneration (around neck)
Wands
 s - a wand of charming (7)
Scrolls
 e - a scroll of vulnerability {unknown}
 g - 3 scrolls of enchant armour {unknown}
 m - 2 scrolls of identify
 o - 3 scrolls of magic mapping {unknown}
 p - 2 scrolls of amnesia {unknown}
 q - a scroll of fog
 r - 3 scrolls of poison
 u - a scroll of teleportation {unknown}
Potions
 b - a potion of magic
 c - 2 potions of invisibility {unknown}
 i - a potion of curing
 j - 2 potions of brilliance
 l - 2 potions of flight {unknown}
 t - a potion of mutation {unknown}
 v - a potion of attraction {unknown}


   Skills:
 - Level 2.1 Dodging
 - Level 2.0 Stealth
 + Level 6.1 Spellcasting
 + Level 9.1 Summonings


You had 6 spell levels left.
You knew the following spells:

 Your Spells              Type           Power      Damage    Failure   Level
a - Summon Small Mammal   Summ           100%       N/A       1%          1
b - Call Imp              Summ           36%        N/A       1%          2
c - Call Canine Familiar  Summ           36%        N/A       1%          3
d - Summon Guardian Gole  Hex/Summ       20%        N/A       6%          3
e - Summon Lightning Spi  Summ/Air       20%        N/A       19%         4

Your spell library contained the following spells:

 Spells                   Type           Power      Damage    Failure   Level


Dungeon Overview and Level Annotations

Branches:
Dungeon (6/15)
 Temple: D:4-7

Altars:
Dithmenos
Ru
Wu Jian


Innate Abilities, Weirdness & Mutations

You have a beak for a mouth.
You have claws for feet.
Your magical nature lets you fly swiftly and evasively.


Message History

Things that are here:
a +0 mace; an orc skeleton
There is a stone staircase leading down here.
There is a stone staircase leading down here.
You fly downwards.
The ice beast hits you. The ice beast freezes you.
There is a stone staircase leading up, spattered with blood here.
The orc priest misses you. The ice beast hits you. The ice beast freezes you!
You fly upwards.
There is a stone staircase leading down here.
The ice beast closely misses you.
Things that are here:
a +0 mace; an orc skeleton The ice beast barely misses you.
Casting: Call Canine Familiar (safe; 1% risk of failure)
Confirm with . or Enter, or press ? or * to list all spells.
The orc priest closely misses you.
The ice beast hits you but does no damage.
Your hound closely misses the orc priest.
Your hound closely misses the orc priest.
Casting: Call Canine Familiar (safe; 1% risk of failure)
Confirm with . or Enter, or press ? or * to list all spells.
A beastly little devil appears in a puff of frigid air.
Your hound closely misses the orc priest.
The ice beast closely misses you.
The orc priest hits you with a +0 flail!
Your hound bites the orc priest.
Your hound bites the orc priest.
Your white imp hits the ice beast but does no damage.
Your hound closely misses the orc priest.
The orc priest miscasts a cantrip.
Your hound bites the orc priest.
Your hound bites the orc priest.
The orc priest barely misses your white imp.
Your hound closely misses the orc priest.
Your hound bites the orc priest.
The orc priest looks satisfied for a moment.
Your hound closely misses the orc priest.
The orc priest mumbles some strange prayers to Beogh against you.
Beogh smites you!
You die...

#.#..##.##.# #.....##..#.##.#
#.##..#.##.# ##.######.##..<.#
#.###.#.##.# #..# #.####..#
#.###..[[..# #.## ##.# #..###
#......##..# ##.# #..# ##....
.......##..###..# #.## #[###
.........#...#.## #.# #....
....)....#.#...#######.######....
.[^......#.##Y..@................
.....)...o..5.######...#######...
..>).....h....## ##..### ##)#
........###....###..## #.#
.......## #.#...#....# #..
#.....## #.#.#...#..# #.. ##....#
#..........# #####[. ####.#
###........## ##.....#
#.#####..)......).# #..###.#


You could see an ice beast (ally target), an orc priest, a friendly hound
(summoned) and a friendly white imp (summoned).

Vanquished Creatures
  A nameless horror (D:5)
  A rat (D:1)
2 creatures vanquished.

Vanquished Creatures (collateral kills)
  Menkaure (D:4)
  An ogre (D:5)
  A bullfrog (D:6)
  A gnoll sergeant (D:5)
  A scorpion (D:6)
  A howler monkey (D:6)
  2 orc priests (D:5)
  3 hounds
  3 iguanas
  3 orc wizards
  4 gnolls (D:5)
  10 adders
  3 dart slugs
  13 orcs
  3 ball pythons
  7 endoplasms
  5 giant cockroaches
  4 hobgoblins
  4 jackals (D:4)
  5 kobolds
  3 quokkas
  7 bats
  3 frilled lizards
  3 goblins
  4 rats
95 creatures vanquished.

Grand Total: 97 creatures vanquished

Notes
Turn   | Place    | Note
-------+----------+-------------------------------------------
     0 | D:1      | cforsyth the Tengu Summoner began the quest for the Orb.
     0 | D:1      | Reached XP level 1. HP: 10/10 MP: 4/4
   548 | D:1      | Reached skill level 5 in Summonings
   704 | D:1      | Reached XP level 2. HP: 15/15 MP: 3/6
   707 | D:1      | Learned a level 2 spell: Call Imp
  1360 | D:2      | Reached XP level 3. HP: 19/19 MP: 7/7
  1364 | D:2      | Learned a level 3 spell: Call Canine Familiar
  1486 | D:2      | Found a faded altar of an unknown god.
  1942 | D:3      | Reached XP level 4. HP: 17/24 MP: 7/9
  2373 | D:3      | Reached skill level 6 in Summonings
  2411 | D:3      | Gained mutation: Your magical nature lets you fly swiftly
                  | and evasively. [Tengu growth]
  2411 | D:3      | Reached XP level 5. HP: 24/28 MP: 11/11
  2468 | D:3      | Found a shadowy altar of Dithmenos.
  2583 | D:3      | Found a sacrificial altar of Ru.
  2584 | D:3      | Found an ornate altar of the Wu Jian Council.
  2954 | D:4      | Noticed Menkaure
  2965 | D:4      | Killed Menkaure
  2966 | D:4      | Reached XP level 6. HP: 17/32 MP: 11/13
  3171 | D:4      | Reached skill level 7 in Summonings
  3541 | D:5      | Entered Level 5 of the Dungeon
  3914 | D:5      | Reached XP level 7. HP: 36/36 MP: 15/15
  3927 | D:5      | Reached skill level 5 in Spellcasting
  3927 | D:5      | Reached skill level 8 in Summonings
  4111 | D:5      | Learned a level 3 spell: Summon Guardian Golem
  4116 | D:5      | Learned a level 4 spell: Summon Lightning Spire
  4409 | D:6      | Found a sacrificial altar of Ru.
  4450 | D:6      | Reached XP level 8. HP: 41/41 MP: 17/17
  4656 | D:5      | HP: 2/41 [poisoned by an orc]
  4673 | D:5      | Reached skill level 9 in Summonings
  5159 | D:5      | Killed from afar by an orc priest

Illustrated notes

Levels and vault maps discovered:
D:1:      co_arrival_square_in_a_square_in_a_square, layout_loops_corners,
          serial_rivers, chequers_serial_rivers_micro_b,
          chequers_serial_rivers_room_a, chequers_serial_rivers_micro_d,
          chequers_serial_rivers_marsh
D:2:      layout_rooms, hellmonk_ecumenical_altar_zigzags, minmay_unequal
D:3:      layout_basic, mainiacjoe_overflow_alcove_1,
          gammafunk_temple_overflow_statue
D:4:      layout_loops_cross, uniq_menkaure
D:5:      layout_rooms
D:6:      layout_cave_pools, doesnt_xom_only_xom,
          minmay_temple_entry_purple_smoke,
          hangedman_abyss_or_decor_lesser_grid,
          amcnicky_mini_rare_corridor_liquid, hangedman_feature_mirror

Skill      XL: |  1  2  3  4  5  6  7  8 |
---------------+-------------------------+-----
Summonings     | 5 6 7 8 9 |  9.1
Spellcasting   | 3 4 5 6 |  6.1
Dodging        | |  2.1
Stealth        | |  2.0

Action                     |  1- 3 |  4- 6 |  7- 9 || total
---------------------------+-------+-------+-------++-------
  Melee: Unarmed           |     4 |     6 |    14 ||    24
         Peck              |     1 |       |     7 ||     8
         Kick              |     1 |     2 |     1 ||     4
         Punch             |       |     1 |       ||     1
   Cast: Summon Small Mamm |    37 |    22 |    17 ||    76
         Call Imp          |     4 |    11 |    10 ||    25
         Call Canine Famil |     6 |    17 |    10 ||    33
         Summon Lightning  |       |       |     2 ||     2
    Use: Scroll            |     2 |     2 |       ||     4
         Potion            |       |       |     2 ||     2
 Armour: Robe              |    14 |     7 |    13 ||    34
  Dodge: Dodged            |    33 |    22 |    30 ||    85

Table legend: (Time is in decaauts)
 A = Elapsed time spent in this place.
 B = Non-inter-level travel time spent in this place.
 C = Inter-level travel time spent in this place.
 D = Time resting spent in this place.
 E = Time spent auto-exploring this place.
 F = Levels seen in this place.
 G = Mean time per level.
                   A        B        C        D        E       F      G
               +--------+--------+--------+--------+--------+-----+--------+
         Total |   4997 |   4883 |    114 |    321 |   3401 |   6 |  832.8 |
       Dungeon |   4997 |   4883 |    114 |    321 |   3401 |   6 |  832.8 |
               +--------+--------+--------+--------+--------+-----+--------+

Top non-repeatable levels by time:
     D:5: 1365 daAuts
     D:1: 1276 daAuts
     D:3: 869 daAuts
     D:4: 691 daAuts
     D:2: 609 daAuts
     D:6: 185 daAuts
